[Event "*** Titled Tuesday Blitz"]
[Site "Chess.com"]
[Date "2020.11.03"]
[Round "7"]
[White "elohunter1999"]
[Black "RD4ever"]
[Result "1-0"]
[WhiteElo "2540"]
[BlackElo "2840"]
[TimeControl "180+1"]
[EndTime "11:21:10 PST"]
[Termination "elohunter1999 won on time"]

1. e4 e6 2. d4 d5 3. Nc3 Bb4 4. e5 c5 5. a3 Bxc3+ 6. bxc3 Ne7 7. Qg4 O-O 8. Bd3 Nbc6 9. Qh5 Ng6 10. Nf3 Qc7 11. Be3 c4 12. Bxg6 fxg6 13. Qg4 Qf7 14. Ng5 Qe8 15. h4 h6 16. Nh3 Ne7 17. Qe2 Bd7 18.
g4 Ba4 19. Kd2 b5 20. h5 gxh5 21. g5 g6 22. gxh6 Rf5 23. Bg5 Kh7 24. Bf6 a5 25.
Rag1 b4 26. Rg5 bxc3+ 27. Kxc3 Qf8 28. Rxf5 Nxf5 29. Ng5+ Kxh6 30. Kd2 Qxa3 31. Nf7+ Kh7 32. Rxh5+ Kg8 33. Rh8+ Kxf7 34. Rxa8 c3+ 35. Ke1 Qc1+ 36.
Qd1 Qxd1+ 37. Kxd1 Nxd4 38. Rxa5 1-0

[Event "*** Titled Tuesday Blitz"]
[Site "Chess.com"]
[Date "2020.11.03"]
[Round "7"]
[White "A-S-00"]
[Black "ehrenfeld"]
[Result "0-1"]
[WhiteElo "2316"]
[BlackElo "2485"]
[TimeControl "180+1"]
[EndTime "11:21:10 PST"]
[Termination "ehrenfeld won on time"]

1. d4 Nf6 2. c4 e6 3. g3 Bb4+ 4. Bd2 a5 5. Bg2 d6 6. e4 Nc6 7. Ne2 e5 8. d5 Ne7 9. O-O Bc5 10. b3 h5 11. Nbc3 h4 12. Na4 hxg3 13. hxg3 Ba7 14. c5 Bd7 15. Qc2 Bxa4 16. bxa4 Bxc5 17. Qd3 Qd7 18.
Rab1 b6 19. Nc3 Qg4 20. Qf3 Qg6 21. Nb5 Kd7 22. Be3 Rh7 23. Bxc5 bxc5 24. Rfc1 Qh6 25.
Kf1 Qd2 26. Rd1 Qxa2 27. Qd3 Rah8 28. Nxc7 Qxa4 29. Qb5+ Qxb5+ 30. Nxb5 Rb8 31. Rb2 Rhh8 32. Ra1 Rb7 33. Rxa5 Rhb8 34. Ke2 Ne8 35. Bf1 Nc7 36. Kd2 f5 0-1

[Event "*** Titled Tuesday Blitz"]
[Site "Chess.com"]
[Date "2020.11.03"]
[Round "7"]
[White "gumimis"]
[Black "MIJuanReyesRosa"]
[Result "0-1"]
[WhiteElo "2233"]
[BlackElo "2130"]
[TimeControl "180+1"]
[EndTime "11:21:12 PST"]
[Termination "MIJuanReyesRosa won on time"]

1. e4 c6 2. d4 d5 3. Nc3 g6 4. Nf3 Bg4 5. Be3 Bg7 6. e5 Nh6 7. h3 Bxf3 8. Qxf3 Nf5 9. Bd3 Nxe3 10. Qxe3 O-O 11. Ne2 f6 12. f4 fxe5 13. fxe5 e6 14. O-O-O c5 15. c3 Nc6 16. Kb1 Rc8 17. h4 cxd4 18. cxd4 Nb4 19. h5 Qa5 20. a3 Nxd3 21. Qxd3 Rf2 22. hxg6 h6 23. Rc1 Rcf8 24. Rc5 Qa6 25.
Qxa6 bxa6 26. Re1 Rxg2 27. Rc6 Rff2 28. Rc8+ Bf8 29. Rc2 h5 30. Kc1 Bh6+ 31. Kd1 h4 32. Rh1 h3 33. Rc8+ Kg7 34. Rc7+ Kxg6 35. Nc3 h2 0-1

[Event "*** Titled Tuesday Blitz"]
[Site "Chess.com"]
[Date "2020.11.03"]
[Round "7"]
[White "QuintilianoR"]
[Black "Guenplen"]
[Result "0-1"]
[WhiteElo "2623"]
[BlackElo "2884"]
[TimeControl "180+1"]
[EndTime "11:21:13 PST"]
[Termination "Guenplen won by resignation"]

1. Nf3 d5 2. d4 Nf6 3. c4 e6 4. Nc3 a6 5. e3 dxc4 6. Bxc4 b5 7. Bb3 Bb7 8. O-O Nbd7 9. Qe2 c5 10.
e4 cxd4 11. Nxd4 Bd6 12. Be3 O-O 13. f3 Qb8 14. Kh1 b4 15. Na4 h5 16. Bg1 h4 17.
Rfd1 h3 18. g3 Ne5 19. Nb6 Ra7 20. Bc2 Rd8 21. Rac1 Bc7 22. Nc4 Nxc4 23. Qxc4 Ra8 24. Nxe6 fxe6 25. Qxe6+ Kh8 26. Qxh3+ Nh7 27. Bd4 Rxd4 28.
Rxd4 Qf8 29. Qg2 Be5 30. Rd7 Bc6 31. Rdd1 Bxb2 32. Rb1 Bc3 33. Bb3 Ng5 34. Rd3 Rd8 35.
Bd5 Bxd5 36. exd5 Qf5 37. Rbd1 Nf7 38. g4 Qf4 39. Re1 Ng5 40. Re2 Qc1+ 41. Qg1 Qxg1+ 42. Kxg1 Nh3+ 43. Kg2 Nf4+ 0-1

[Event "*** Titled Tuesday Blitz"]
[Site "Chess.com"]
[Date "2020.11.03"]
[Round "7"]
[White "vladgoncharov"]
[Black "ChelsieMonica"]
[Result "1-0"]
[WhiteElo "2468"]
[BlackElo "2310"]
[TimeControl "180+1"]
[EndTime "11:21:13 PST"]
[Termination "vladgoncharov won by resignation"]

1. d4 Nf6 2. c4 e6 3. Nf3 Bb4+ 4. Nbd2 O-O 5. g3 d5 6. Qc2 Nc6 7. e3 Ne4 8. Bd3 f5 9. O-O a6 10. a3 Bd6 11. b4 Bd7 12. Bb2 Be8 13.
Ne5 Bxe5 14. dxe5 Nxd2 15. cxd5 Nf3+ 16. Kg2 Ncxe5 17. Rfd1 exd5 18. Bxf5 Qg5 19. Be6+ Kh8 20. Bxd5 Bg6 21. Be4 Qh5 22. Bxe5 Qxh2+ 23. Kf1 Bxe4 24. Qxe4 Qh1+ 25. Ke2 Ng1+ 26. Kd3 Rad8+ 27. Bd4 Qxe4+ 28. Kxe4 Nf3 29. Rac1 Ng5+ 30. Kd3 c6 31. f4 Ne6 32. Ke2 Kg8 33. Bb6 Rde8 34. Rd7 Rf7 35. Rcd1 Ree7 36. Rxe7 Rxe7 37. Kf3 g6 38. g4 h5 39. gxh5 gxh5 40. Rg1+ Rg7 41. Rxg7+ Kxg7 42. e4 Kf6 43. Bf2 a5 44.
Bh4+ Kf7 45. f5 Nd4+ 46. Kf4 Nc2 47. bxa5 Nxa3 48. e5 Nc4 49. e6+ Kf8 50. f6 Nxa5 51. Bg5 Ke8 52. f7+ Kf8 1-0

[Event "*** Titled Tuesday Blitz"]
[Site "Chess.com"]
[Date "2020.11.03"]
[Round "7"]
[White "chessmachine14"]
[Black "MoreChessJulia"]
[Result "1-0"]
[WhiteElo "2354"]
[BlackElo "2072"]
[TimeControl "180+1"]
[EndTime "11:21:14 PST"]
[Termination "chessmachine14 won by checkmate"]

1. e4 g6 2. d4 Bg7 3. Nc3 c5 4. Nf3 cxd4 5. Nxd4 Nc6 6. Nf3 d6 7. Be2 Bg4 8. O-O Nf6 9. Be3 a6 10. Qd2 O-O 11. Bh6 b5 12. h3 b4 13. Bxg7 bxc3 14.
Qxc3 Kxg7 15. hxg4 Kg8 16. Nd2 Rc8 17. g5 Ne8 18.
Qe3 Ng7 19. c3 Ne6 20. f4 d5 21. f5 d4 22. cxd4 Qxd4 23. Qxd4 Nexd4 24. Bg4 Ne5 25. Bh3 Rc2 26. Nb3 Nxb3 27. axb3 Rxb2 28. Rxa6 Rxb3 29. Ra7 Re8 30. f6 exf6 31. Rxf6 Reb8 32. Re7 R3b5 33. Kh2 Kf8 34. Rc7 R8b7 35. Rc8+ Kg7 36. Re8 Rc7 37. Rd6 Rc2 38. Kg3 Rb3+ 39. Kh4 Rc5 40. Rdd8 f6 41. Re7+ Nf7 42. gxf6+ Kxf6 43. Rdd7 Rh5+ 44. Kg4 Rg5+ 45.
Kf4 Ne5 46. Re6# 1-0

[Event "*** Titled Tuesday Blitz"]
[Site "Chess.com"]
[Date "2020.11.03"]
[Round "7"]
[White "BegmuratovKh2010"]
[Black "VladimirBugayev"]
[Result "1-0"]
[WhiteElo "2454"]
[BlackElo "2302"]
[TimeControl "180+1"]
[EndTime "11:21:15 PST"]
[Termination "BegmuratovKh2010 won on time"]

1. d4 Nf6 2. c4 c5 3. d5 b5 4. e3 b4 5. Nf3 d6 6. Be2 g6 7. O-O Bg7 8. a3 a5 9. axb4 cxb4 10.
Nbd2 Nbd7 11. Qc2 Nc5 12. Nd4 Bd7 13. b3 O-O 14. Bb2 a4 15. bxa4 Bxa4 16. Qb1 Qb6 17.
e4 Rfb8 18. Nb5 Bxb5 19. cxb5 Na4 20. Nc4 Qxb5 21. Bd4 b3 22. Nb6 Qxe2 23. Nxa8 Rxa8 24. Qxb3 Qa6 25. Ra3 Nd7 26. Bxg7 Kxg7 27. Qb4 Ndc5 28. Rfa1 Qe2 29. f3 Qc2 30. Qd4+ f6 31. Qd1 Qxd1+ 32. Rxd1 Rb8 33. Rda1 Rb4 34. Kf2 f5 35. exf5 gxf5 36. R1a2 Kf6 37. Re3 Nd7 38. Rae2 Ne5 39. g3 Nc5 40. h3 f4 41. gxf4 Rxf4 42. Kg3 1-0

[Event "*** Titled Tuesday Blitz"]
[Site "Chess.com"]
[Date "2020.11.03"]
[Round "7"]
[White "winniethepooh04"]
[Black "SergeyShtyka"]
[Result "1/2-1/2"]
[WhiteElo "2232"]
[BlackElo "2356"]
[TimeControl "180+1"]
[EndTime "11:21:15 PST"]
[Termination "Game drawn - insufficient material"]

1. d4 c5 2. c3 e6 3. Bf4 Nf6 4. e3 Nc6 5. Nd2 d6 6. Ngf3 Be7 7. h3 O-O 8. Bd3 a6 9. a4 Rb8 10. Qe2 cxd4 11. exd4 Re8 12. O-O Qa5 13. Bh2 Qh5 14. Ne4 Nxe4 15. Qxe4 Bd7 16. Qe2 Rbd8 17. Nd2 Qxe2 18.
Bxe2 e5 19. dxe5 dxe5 20. Nc4 f6 21. Rfe1 Be6 22. Rad1 Kf7 23. Bf1 Rxd1 24. Rxd1 Rd8 25. Rxd8 Nxd8 26. Be2 g5 27. Kf1 Nc6 28. Ke1 Bd5 29. f3 Ke6 30. Bg1 h5 31. Kd2 h4 32.
Bf2 Nd8 33. Ne3 Bc6 34. Bd1 f5 35. Bb3+ Kf6 36. Nd5+ Bxd5 37. Bxd5 Nc6 38. Bxc6 bxc6 39. Kd3 Ke6 40. b4 Bd6 41. Kc4 e4 42. fxe4 fxe4 43.
Kd4 Kf5 44. Ke3 Be5 45. c4 Bc3 46. b5 axb5 47. axb5 cxb5 48. cxb5 Ke5 49. Ke2 Ba5 50. Be3 Kf5 51. b6 Bb4 52. b7 Bd6 53. Ba7 g4 54. hxg4+ Kxg4 55. b8=Q Bxb8 56. Bxb8 h3 57. gxh3+ Kxh3 58. Ke3 Kg4 59. Bg3 Kf5 60. Bh4 Ke6 61. Bf6 Kd7 62. Bd8 Kc6 63. Bb6 Kb5 64. Ba5 Kc4 65. Bc3 Kb3 66. Bb2 Kc2 67. Ba1 Kb1 68. Kd4 Kxa1 69.
Kxe4 1/2-1/2

[Event "*** Titled Tuesday Blitz"]
[Site "Chess.com"]
[Date "2020.11.03"]
[Round "7"]
[White "German_Bazeev"]
[Black "Zhigalko_Sergei"]
[Result "0-1"]
[WhiteElo "2746"]
[BlackElo "2917"]
[TimeControl "180+1"]
[EndTime "11:21:16 PST"]
[Termination "Zhigalko_Sergei won by resignation"]

1. d4 Nf6 2. Nf3 e6 3. c4 b6 4. Nc3 Bb4 5. Bg5 h6 6. Bh4 g5 7.
Bg3 Ne4 8. a3 Bxc3+ 9. bxc3 Bb7 10. Nd2 Nxg3 11. hxg3 Qe7 12. e3 d6 13. Rb1 Nd7 14.
g4 O-O-O 15. a4 a5 16. Be2 e5 17. Bf3 e4 18. Be2 h5 19. gxh5 f5 20. Rb5 Rdf8 21.
Nf1 Bc6 22. Qb3 Bxb5 23. Qxb5 Kb7 24. Kd2 c6 25. Qb3 f4 26. c5 dxc5 27. Qc4 Kc7 28. Nh2 fxe3+ 29. fxe3 Nf6 30. Rb1 Nd5 31. Ng4 Rxh5 32.
Ne5 Rhh8 33. Qb3 g4 34. Nxg4 Rhg8 35. Rh1 Rxg4 36. Bxg4 Rf2+ 37. Ke1 Rxg2 38. Bf5 Qg5 39. Rh7+ Kd8 40. Rh8+ Ke7 41. Rh7+ Kf8 0-1

[Event "*** Titled Tuesday Blitz"]
[Site "Chess.com"]
[Date "2020.11.03"]
[Round "7"]
[White "emiliochess"]
[Black "Ariadna_Atreides"]
[Result "1-0"]
[WhiteElo "2242"]
[BlackElo "2103"]
[TimeControl "180+1"]
[EndTime "11:21:16 PST"]
[Termination "emiliochess won by resignation"]

1. d4 Nf6 2. Bf4 d6 3. e3 g6 4.
Nf3 Bg7 5. Be2 O-O 6. h3 c5 7.
O-O Qb6 8. Na3 Qxb2 9. Nb5 Na6 10. a3 Bf5 11. Bd3 Bxd3 12. Qxd3 c4 13. Qxc4 Rfc8 14.
Qd3 Qxc2 15. Qxc2 Rxc2 16. Rfb1 Nd5 17. Bg3 Nac7 18. Nxc7 Rxc7 19. Rb3 Rac8 20. Kh2 b6 21. a4 Nc3 22. a5 bxa5 23. Rxa5 Ne2 24. Rba3 Nxg3 25.
Kxg3 Ra8 26. Ng5 e6 27. Ne4 d5 28. Nd2 Bf8 29. Ra2 Bd6+ 30. Kf3 f6 31. Ra6 Bb4 32. Nb3 Kf7 33. R2a4 Be7 34. Ra2 e5 35. R6a5 e4+ 36. Kg3 Bd6+ 37. Kh4 Ke6 38. g4 g5+ 39. Kh5 Rac8 40.
Ra6 Rc2 41. Nc5+ Ke7 42. Rxa7+ Rc7 43. Rxc7+ Bxc7 44. Rxc2 Bd8 45. Nb7 f5 46. Nxd8 fxg4 47. hxg4 Kxd8 48. Kxg5 1-0

[Event "*** Titled Tuesday Blitz"]
[Site "Chess.com"]
[Date "2020.11.03"]
[Round "7"]
[White "Baby_Legs"]
[Black "PSvidler"]
[Result "1-0"]
[WhiteElo "2727"]
[BlackElo "2886"]
[TimeControl "180+1"]
[EndTime "11:21:17 PST"]
[Termination "Baby_Legs won by resignation"]

1. Nf3 g6 2. d4 Bg7 3. c3 Nf6 4. Bf4 O-O 5. e3 b6 6. Nbd2 Bb7 7. Bd3 d6 8. O-O Nbd7 9. Qe2 a6 10. Bg3 c5 11. e4 cxd4 12. cxd4 Nh5 13. Rac1 Nxg3 14.
hxg3 e6 15. Qe3 b5 16. Nb3 Qb6 17. Qe2 Rac8 18. g4 h6 19. Rfd1 e5 20. d5 Nf6 21.
Ne1 h5 22. gxh5 Nxh5 23. Qe3 Qxe3 24. fxe3 Bh6 25. Kf2 Nf6 26. Kf3 Rxc1 27. Rxc1 Rc8 28. Rc2 Kf8 29. Na5 Rxc2 30. Nxc2 Bc8 31. Nb4 Ng4 32.
Nc2 f5 33. Nb3 Nf6 34. Nd2 Ke7 35. Nb4 Ng4 36. Nf1 Kf6 37. Nc2 Bg5 38. b3 Nh6 39. a4 bxa4 40. bxa4 Nf7 41. Nd2 Bh6 42. Ke2 Ng5 43.
Nb4 a5 44. Nc6 Bd7 45. Bb5 Nxe4 46. Nxe4+ fxe4 47. Nxa5 Bg4+ 48. Kf2 Ke7 49. Nc6+ Kf8 50. a5 Bc8 51. a6 Bg5 52. a7 Bb7 53. Na5 1-0

[Event "*** Titled Tuesday Blitz"]
[Site "Chess.com"]
[Date "2020.11.03"]
[Round "7"]
[White "Sebastian"]
[Black "Evgeny81"]
[Result "1/2-1/2"]
[WhiteElo "2896"]
[BlackElo "2739"]
[TimeControl "180+1"]
[EndTime "11:21:19 PST"]
[Termination "Game drawn by repetition"]

1. c4 c6 2. d4 d5 3. Nf3 Nf6 4. e3 Bf5 5. Nc3 e6 6. Nh4 Be4 7. f3 Bg6 8. Qb3 Qb6 9. Nxg6 hxg6 10. Bd2 Nbd7 11. O-O-O Qxb3 12. axb3 Bd6 13. Bd3 Bxh2 14. g4 O-O-O 15. g5 Ng8 16. f4 Ne7 17. Kc2 Rh7 18. Ne2 Rdh8 19. Bb4 Nf5 20. Bxf5 gxf5 21. Rdf1 Rh3 22. Kd3 g6 23. Be7 R8h5 24. Nc3 R5h4 25.
c5 Nb8 26. b4 Na6 27. b5 Nb4+ 28. Kd2 Rg4 29. Rf2 Rgh4 30. Rg2 Bg3 31. Rxh3 Rxh3 32.
Bd6 Kd7 33. Bb8 a6 34. b6 Bh4 35. Be5 Ke8 36. Bd6 Kd7 37. Be5 Rh1 38. Ke2 Nc2 39.
Kd2 Ne1 40. Re2 Nf3+ 41. Kc2 Ne1+ 42. Kd2 Nf3+ 43. Kc2 Bg3 44. Na4 Bh4 45. Nc3 1/2-1/2

[Event "*** Titled Tuesday Blitz"]
[Site "Chess.com"]
[Date "2020.11.03"]
[Round "7"]
[White "AquivaRubinstein"]
[Black "Rud_Makarian"]
[Result "1-0"]
[WhiteElo "2548"]
[BlackElo "2758"]
[TimeControl "180+1"]
[EndTime "11:21:21 PST"]
[Termination "AquivaRubinstein won on time"]

1. e4 e5 2. Nf3 Nc6 3. Bc4 Bc5 4. c3 Nf6 5. d4 exd4 6. e5 d5 7. Bb5 Ne4 8. cxd4 Bb4+ 9. Nbd2 O-O 10. O-O Bg4 11.
Bxc6 bxc6 12. Qc2 Bxf3 13. Nxf3 c5 14. a3 Ba5 15. dxc5 c6 16. Nd4 Bc7 17. f3 Bxe5 18. Nxc6 Bxh2+ 19. Kxh2 Qh4+ 20. Kg1 Ng3 21. Be3 Rfe8 22.
Qd2 d4 23. Nxd4 Rad8 24. Rfe1 Qh1+ 25. Kf2 Qh4 26. Kg1 h6 27. Bf4 Nh5 28. Rxe8+ Rxe8 29. Be3 Ng3 30. Re1 Qh1+ 31. Kf2 Qh4 32. Kg1 f5 33. c6 Qh1+ 34. Kf2 Qh4 35. Kg1 f4 36. Bxf4 Rxe1+ 37. Qxe1 Qxf4 38. Ne6 Qc4 39. c7 Nf5 40. Qd2 Kh7 41. Qd1 Ne3 42. Qd2 Qf1+ 43. Kh2 1-0

[Event "*** Titled Tuesday Blitz"]
[Site "Chess.com"]
[Date "2020.11.03"]
[Round "7"]
[White "RamyresCoelho"]
[Black "ChronicUnhappiness"]
[Result "0-1"]
[WhiteElo "2056"]
[BlackElo "2352"]
[TimeControl "180+1"]
[EndTime "11:21:21 PST"]
[Termination "ChronicUnhappiness won by checkmate"]

1. e4 Nf6 2. Nc3 d6 3. d4 g6 4. f3 Bg7 5. Be3 O-O 6. Qd2 e5 7. O-O-O Nc6 8. d5 Nd4 9. Nge2 Nxe2+ 10. Bxe2 Nh5 11. Bh6 Bxh6 12. Qxh6 Nf4 13. g3 Nxe2+ 14. Nxe2 Qf6 15. Rdf1 Bd7 16. h4 c6 17. h5 Qg7 18. hxg6 fxg6 19. Qh4 cxd5 20. exd5 Rac8 21. Nc3 Bf5 22. g4 Rc4 23. Qh2 Bd7 24. Ne4 Bxg4 25. Nxd6 Rcf4 26. Qg3 Bxf3 27. Rh4 Rxh4 28. Qxh4 Bxd5 29.
Rxf8+ Qxf8 30. Qb4 Qf4+ 31. Qxf4 exf4 32. Ne8 Kf7 33. Nc7 Bc6 34. b4 a6 35. c4 h5 36. b5 axb5 37. cxb5 Be4 38. a4 h4 39. b6 h3 40. Nb5 Ke6 41. Nd4+ Ke5 42. Ne2 h2 43. Kd2 h1=Q 44. a5 Bc6 45. Kc3 Qe4 46. Nc1 Qd4+ 47. Kb3 Bd5+ 48. Kc2 Qc5+ 49. Kd2 Qxa5+ 50.
Ke2 Qxb6 51. Nd3+ Kf5 52. Kd2 Qe3+ 53. Kc3 g5 54. Kc2 Be4 55. Kb2 Qxd3 56. Ka1 Qb5 57. Ka2 Qb4 58. Ka1 f3 59. Ka2 f2 60. Ka1 f1=Q+ 61. Ka2 Bd5# 0-1

[Event "*** Titled Tuesday Blitz"]
[Site "Chess.com"]
[Date "2020.11.03"]
[Round "7"]
[White "MatyChess1"]
[Black "ChessLover0108"]
[Result "0-1"]
[WhiteElo "2578"]
[BlackElo "2822"]
[TimeControl "180+1"]
[EndTime "11:21:22 PST"]
[Termination "ChessLover0108 won by resignation"]

1. e4 c5 2. Nf3 d6 3. Nc3 a6 4. g3 b5 5. d4 cxd4 6. Nxd4 Bb7 7. Bg2 Nd7 8. O-O e6 9. Re1 Be7 10. a4 b4 11. Nd5 exd5 12. exd5 Qc7 13. Nc6 Bxc6 14.
dxc6 Nc5 15. Qg4 Kf8 16. Qxb4 Nf6 17. Bf4 Ne6 18. Rad1 Rb8 19. Qc4 Nxf4 20. Qxf4 h5 21. b4 h4 22. Qc4 hxg3 23. hxg3 d5 24. Bxd5 Rxb4 25. Qxa6 g6 26. Bg2 Bc5 27. Qd3 Kg7 28. Qc3 Qb6 29. Re2 Bd4 30. Qf3 Rb1 31. Rxb1 Qxb1+ 32.
Bf1 Bb6 33. Re7 Qxc2 34. Be2 Qc1+ 35. Bf1 Qc2 36. Be2 Qxa4 37. Rb7 Qa1+ 38. Bf1 Qb2 39. Bc4 Bxf2+ 40. Kf1 Qc1+ 41. Kxf2 Rh2+ 0-1

[Event "*** Titled Tuesday Blitz"]
[Site "Chess.com"]
[Date "2020.11.03"]
[Round "7"]
[White "xberli"]
[Black "MattyDPerrine"]
[Result "0-1"]
[WhiteElo "2528"]
[BlackElo "2397"]
[TimeControl "180+1"]
[EndTime "11:21:22 PST"]
[Termination "MattyDPerrine won by resignation"]

1. e4 c5 2. Nf3 e6 3. d4 cxd4 4. Nxd4 Nf6 5. Nc3 Nc6 6. Nxc6 bxc6 7. Bd3 d5 8. O-O Be7 9. Qf3 O-O 10. Rd1 e5 11. exd5 Bg4 12. Qg3 Bxd1 13. Nxd1 e4 14. Bf1 Bd6 15. Qh3 cxd5 16. Ne3 Be5 17. c3 Rb8 18.
Nf5 Re8 19. a4 Qc8 20. Bb5 Re6 21. Bg5 a6 22. Bxf6 Bxf6 23. Bf1 Re5 24. g4 Rxb2 25.
Rc1 g6 26. Nd4 Rg5 27. Ne2 Qxg4+ 28. Qxg4 Rxg4+ 29. Ng3 h5 30. h3 Rg5 31. h4 Rg4 32. c4 Bxh4 33. c5 Bxg3 34. fxg3 Rxg3+ 35. Kh1 Rb7 36. c6 Rc7 37. Bxa6 Ra3 38. Bb5 e3 39.
Kg2 f5 40. Kf3 Kf7 41. Rd1 Ke6 42. Rd4 Ke5 43. Rb4 g5 44. Ke2 f4 45. Bd3 Ra2+ 46. Ke1 Rf2 47. Be2 Rxc6 48. Rb1 Rc2 49. Bd3 Rcd2 50. Rb3 Rh2 51. Bf1 Rh1 52. a5 Rf2 0-1

[Event "*** Titled Tuesday Blitz"]
[Site "Chess.com"]
[Date "2020.11.03"]
[Round "7"]
[White "geordie_derraugh"]
[Black "ciucas1892"]
[Result "1-0"]
[WhiteElo "2424"]
[BlackElo "2264"]
[TimeControl "180+1"]
[EndTime "11:21:22 PST"]
[Termination "geordie_derraugh won by checkmate"]

1. e4 c5 2. Nf3 Nc6 3. Bb5 g6 4. Bxc6 bxc6 5. O-O Bg7 6. Re1 Nh6 7. c3 O-O 8. d4 cxd4 9. cxd4 d5 10. Nc3 Bg4 11. exd5 cxd5 12. Bg5 Nf5 13. h3 Bxf3 14. Qxf3 Nxd4 15.
Qd3 Qa5 16. Bxe7 Rfe8 17. Bg5 Nf5 18. a3 d4 19. b4 Qc7 20. Ne4 Qb6 21. Rac1 Rac8 22. g4 Nd6 23. Nf6+ Bxf6 24. Bxf6 Rxe1+ 25. Rxe1 Nb5 26. g5 Qc6 27. a4 Nd6 28. Qxd4 Nf5 29. Qe5 a6 30. b5 axb5 31. axb5 Qd7 32. b6 Nd6 33. Rd1 Qxh3 34. Qxd6 Qg4+ 35. Kf1 Qh3+ 36.
Ke2 Re8+ 37. Be5 Qg4+ 38. Kf1 Qh3+ 39. Ke2 Qg4+ 40. f3 Qg2+ 41. Ke1 Qg1+ 42. Ke2 Qg2+ 43. Ke3 Qxg5+ 44. f4 Qg3+ 45. Ke4 Qg2+ 46. Kd4 Qf2+ 47. Kd5 Qf3+ 48. Kc5 Rb8 49. Qxb8# 1-0

[Event "*** Titled Tuesday Blitz"]
[Site "Chess.com"]
[Date "2020.11.03"]
[Round "7"]
[White "Walter_White_Poland"]
[Black "Michaelson_11"]
[Result "1-0"]
[WhiteElo "2358"]
[BlackElo "2152"]
[TimeControl "180+1"]
[EndTime "11:21:22 PST"]
[Termination "Walter_White_Poland won by resignation"]

1. e4 c5 2. Nf3 Nc6 3. d4 cxd4 4. Nxd4 g6 5. c4 Nf6 6. Nc3 d6 7. Be2 Nxd4 8. Qxd4 Bg7 9. Bg5 O-O 10. Qe3 Qa5 11.
O-O Be6 12. Rac1 Rfc8 13. b3 a6 14. f4 h6 15. Bh4 b5 16. f5 Bd7 17. fxg6 fxg6 18.
Bxf6 exf6 19. Nd5 Kf7 20. Nb6 Be6 21. Nxa8 Rxa8 22. c5 dxc5 23. Rxc5 Qxa2 24. Rc7+ Kg8 25. Qc3 Rf8 26. b4 Rf7 27. Rxf7 Bxf7 28. Bf3 Qc4 29. Qxc4 bxc4 30. Rc1 f5 31. exf5 gxf5 32. Be2 c3 33. Bd3 Bd4+ 34. Kf1 f4 35. Bxa6 Kg7 36. Bd3 Kf6 37.
b5 Bd5 38. Be2 Ke5 39. b6 Kd6 40. Bf3 Bc4+ 41. Be2 Bd5 42. Bf3 Bc4+ 43. Be2 Be6 44. Rd1 Ke5 45. b7 Bd5 46. b8=Q+ 1-0

[Event "*** Titled Tuesday Blitz"]
[Site "Chess.com"]
[Date "2020.11.03"]
[Round "7"]
[White "maicolbenavides"]
[Black "WonderChampion"]
[Result "0-1"]
[WhiteElo "2170"]
[BlackElo "2036"]
[TimeControl "180+1"]
[EndTime "11:21:22 PST"]
[Termination "WonderChampion won on time"]

1. e4 c5 2. Nf3 g6 3. d4 cxd4 4. Nxd4 Nc6 5. Nc3 Bg7 6. Be3 Nf6 7. Bc4 O-O 8. O-O d6 9. h3 Bd7 10. f4 Nxd4 11. Bxd4 Bc6 12. Qd3 Qc7 13. Rae1 e5 14. fxe5 dxe5 15. Bf2 Rfd8 16. Qf3 a6 17. Bh4 Qb6+ 18. Kh1 Rd6 19. Qg3 Qc5 20. Bb3 Re8 21. Bg5 h6 22. Be3 Qa5 23. Qh4 g5 24. Qg3 Qd8 25. h4 gxh4 26. Qxh4 Kh7 27. Bxf7 Re7 28. Bb3 Qf8 29. Rf5 Bd7 30. Rf2 Qc8 31. Ref1 Ng4 32. Rf7 Rxf7 33. Rxf7 Nxe3 34. Qg3 Ng4 35. Nd5 Qe8 36.
Rf3 Qe6 37. Ne3 Qg6 38. Nf5 Bxf5 39. exf5 Qg5 40. f6 Rd1+ 0-1

[Event "*** Titled Tuesday Blitz"]
[Site "Chess.com"]
[Date "2020.11.03"]
[Round "7"]
[White "Enriquack"]
[Black "ftorodent"]
[Result "0-1"]
[WhiteElo "2287"]
[BlackElo "2671"]
[TimeControl "180+1"]
[EndTime "11:21:23 PST"]
[Termination "ftorodent won by resignation"]

1. e4 c5 2. Nf3 e6 3. d4 cxd4 4. Nxd4 a6 5. c4 Nf6 6. Nc3 d6 7. Be2 Be7 8. O-O O-O 9. Be3 Nbd7 10. Rc1 Qc7 11. f3 b6 12. Qe1 Bb7 13. Qf2 Rac8 14.
Rfd1 Qb8 15. g4 Ne5 16. b3 Rfe8 17. g5 Nfd7 18. f4 Nc6 19. Nf3 Bf8 20. Bd3 Nc5 21.
Bb1 Ba8 22. f5 b5 23. g6 fxg6 24. fxg6 hxg6 25. Ng5 Be7 26. Qf7+ Kh8 27. Qxg6 Bxg5 28. Bxg5 Ne5 29. Qh5+ Kg8 30. Rf1 Rf8 31. Bf4 b4 32. Ne2 Nxe4 33. Nd4 Qb6 34. Be3 Qb7 35. Nxe6 Nf6 36.
Qe2 Qh1+ 37. Kf2 Nfg4+ 38. Kg3 Rxf1 39. Rxf1 Qe4 40. Bxe4 Bxe4 41. Ng5 Bd3 42. Qe1 Bxf1 43. Qxf1 Nxe3 44. Qe2 Nf5+ 45. Kf4 Rf8 46. Ke4 Ng6 47. Kd5 Nf4+ 0-1

[Event "*** Titled Tuesday Blitz"]
[Site "Chess.com"]
[Date "2020.11.03"]
[Round "7"]
[White "ailime26"]
[Black "Happy1712Drummer"]
[Result "1-0"]
[WhiteElo "1915"]
[BlackElo "2176"]
[TimeControl "180+1"]
[EndTime "11:21:24 PST"]
[Termination "ailime26 won by checkmate"]

1. e4 c6 2. d4 d5 3. exd5 cxd5 4. Bd3 Nc6 5. c3 Qc7 6. Ne2 e5 7. dxe5 Nxe5 8. Bb5+ Bd7 9. Qxd5 Nf6 10. Bxd7+ Nexd7 11. Qd3 Ne5 12. Qb5+ Nc6 13. Bf4 Bd6 14. Bxd6 Qxd6 15. O-O O-O 16. Na3 a6 17. Qb3 Ng4 18. Ng3 Qh6 19. h3 Nge5 20. Nc4 Nd3 21. Qxb7 Rfb8 22. Qd7 Rd8 23. Qf5 Ne7 24. Qf3 Ng6 25. Nf5 Qg5 26.
Nfd6 Ra7 27. Qxd3 Nf4 28. Qe4 Nxh3+ 29. Kh2 Nf4 30. Rh1 Ne6 31. Kg1 g6 32. Re1 Rad7 33. Nxf7 Rxf7 34. Qxe6 Rf8 35. Nd6 Qf4 36. Rf1 Qf6 37.
Qd5 Kg7 38. Nxf7 Rxf7 39. Rh3 h5 40. Rg3 Qf4 41. Qxh5 Rf6 42. Qd5 Kh6 43. Rh3+ Kg7 44. Qd8 Rf7 45. Qh8# 1-0

[Event "*** Titled Tuesday Blitz"]
[Site "Chess.com"]
[Date "2020.11.03"]
[Round "7"]
[White "AldokhinIvan"]
[Black "TimofeevAr"]
[Result "1/2-1/2"]
[WhiteElo "2609"]
[BlackElo "2803"]
[TimeControl "180+1"]
[EndTime "11:21:25 PST"]
[Termination "Game drawn by repetition"]

1. e4 d5 2. exd5 Nf6 3. Nc3 Nxd5 4. Bc4 Nb6 5. Bb3 Nc6 6. Nf3 e6 7. d4 Be7 8. O-O O-O 9. Bf4 Na5 10. Qe2 Nxb3 11.
axb3 Bd7 12. Ne5 Be8 13. Rad1 f6 14. Nd3 Bf7 15. Nc5 Qc8 16. Rfe1 e5 17. Be3 Bd6 18. Nb5 Nd5 19. Nxd6 cxd6 20. Ne4 Qc6 21. Bc1 Rad8 22. c4 Ne7 23. d5 Qc8 24. Be3 b6 25. Ra1 Rd7 26. Nc3 Qd8 27. Nb5 Nc8 28. Bd2 Re8 29. Bb4 a5 30. Ba3 f5 31. f4 exf4 32.
Qf2 g5 33. Nd4 Qf6 34. Rxe8+ Bxe8 35. Re1 Bf7 36. Nc6 h6 37. b4 a4 38. b5 Kf8 39.
Bb4 Qg6 40. Qd4 Qg7 41. Qd2 Qg6 42. Bc3 Ne7 43. Qd4 Ng8 44. Qxb6 Be8 45. Qb8 g4 46. Nd4 f3 47. Ne6+ Kf7 48. Ng5+ Kf8 49. Ne6+ Kf7 50.
Nd8+ Kf8 51. Ne6+ 1/2-1/2

[Event "*** Titled Tuesday Blitz"]
[Site "Chess.com"]
[Date "2020.11.03"]
[Round "7"]
[White "Lagmantr"]
[Black "swimmerchess"]
[Result "1-0"]
[WhiteElo "2734"]
[BlackElo "2839"]
[TimeControl "180+1"]
[EndTime "11:21:26 PST"]
[Termination "Lagmantr won by resignation"]

1. e4 c5 2. Nf3 Nc6 3. d4 cxd4 4.
Nxd4 Nf6 5. Nc3 d6 6. Bg5 e6 7. Qd2 a6 8. O-O-O Bd7 9. f4 b5 10. Nxc6 Bxc6 11. e5 dxe5 12. Qe1 Qc7 13. fxe5 Nd5 14.
Kb1 Be7 15. Nxd5 Bxd5 16. Bxe7 Qxe7 17. Bd3 O-O 18. Qg3 Rac8 19. h4 Kh8 20. Rhf1 b4 21. Rf4 a5 22. Rdf1 a4 23. Qg5 Rc7 24. Qxe7 Rxe7 25.
Rxb4 Bxg2 26. Rf2 Bc6 27. Rff4 f6 28. Kc1 Ref7 29. Bc4 Bd7 30. Rb6 Re7 31. Bb5 Bxb5 32. Rxb5 Kg8 33. exf6 Rxf6 34. Rxa4 Rf1+ 35. Kd2 Rd7+ 36.
Kc3 Rf3+ 37. Kb4 Rf4+ 38. Kb3 Rf3+ 39. c3 Rf2 40. Rab4 h6 41. a4 Kf7 42. Rb7 Ke7 43. Rxd7+ Kxd7 44. Rb7+ Kc6 45. Rxg7 e5 46. Rg6+ Kc5 47.
Rxh6 e4 48. Re6 Kd5 49. Re8 Rh2 50. a5 Rxh4 51. a6 Rh7 52. Kb4 Rh2 53. a7 Rxb2+ 54. Ka3 Rb1 55. a8=Q+ 1-0